 Dungeon Crawl Stone Soup version 0.22.1-1-ga44c0e5 (webtiles) character file.

396 brandon the Skirmisher (level 6, 0/85 HPs)
             Began as a Minotaur Berserker on Sept 30, 2018.
             Was a Priest of Trog.
             Succumbed to a scorpion's poison
             ... on level 4 of the Dungeon.
             The game lasted 00:05:48 (2440 turns).

brandon the Skirmisher (Minotaur Berserker)         Turns: 2440, Time: 00:05:49

Health: 0/85       AC:  2    Str: 26    XL:     6   Next: 52%
Magic:  5/5        EV: 13    Int:  4    God:    Trog [***...]
Gold:   173        SH:  0    Dex: 12    Spells: 5/5 levels left

rFire    . . .     SeeInvis .   i - +0 morningstar
rCold    . . .     Gourm    .   (no shield)
rNeg     . . .     Faith    .   (no armour)
rPois    .         Spirit   .   (helmet restricted)
rElec    .         Reflect  .   l - +0 cloak
rCorr    .         Harm     .   h - +0 pair of gloves
MR       .....                  (no boots)
Stlth    ..........             (no amulet)
HPRegen  0.24/turn              (no ring)
MPRegen  0.09/turn              (no ring)

@: berserking, lethally poisoned (0 -> -5), drained, very quick
A: retaliatory headbutt, horns 2
a: Berserk, Trog's Hand, Renounce Religion


You were on level 4 of the Dungeon.
You worshipped Trog.
Trog was most pleased with you.
You were very hungry.

You visited 1 branch of the dungeon, and saw 4 of its levels.

You collected 173 gold pieces.

Inventory:

Hand Weapons
 i - a +0 morningstar (weapon)
 o - a +0 battleaxe
Armour
 h - a +0 pair of gloves (worn)
 l - a +0 cloak (worn)
Scrolls
 a - a scroll of blinking {unknown}
 b - a scroll of amnesia {unknown}
 d - 4 scrolls of remove curse
 f - 5 scrolls of identify
 k - a scroll of enchant weapon {unknown}
Potions
 e - a potion of agility {unknown}
 g - 2 potions of haste
 j - a potion of degeneration {unknown}
 m - a potion of mutation {unknown}
 n - a potion of curing {unknown}
Comestibles
 c - 5 rations


   Skills:
 * Level 6.1(5.9) Fighting
 - Level 0.5(3.4) Axes
 * Level 5.7(5.6) Maces & Flails
 + Level 4.4(4.2) Armour
 + Level 3.2(3.1) Dodging


You had 5 spell levels left.
You didn't know any spells.
Your spell library was empty.

Dungeon Overview and Level Annotations

Branches:
Dungeon (4/15)
 Temple: D:4-7

Altars:
Kikubaaqudgha
Vehumet
Wu Jian

Annotations:
D:4 1 runed door


Innate Abilities, Weirdness & Mutations

You reflexively headbutt those who attack you in melee.
You have a pair of horns on your head.


Message History

* * * LOW HITPOINT WARNING * * *
The hound barely misses you. The scorpion closely misses you.
You furiously retaliate!
You headbutt the scorpion, but do no damage.
You puncture the scorpion!
You kill the scorpion!
Trog accepts your kill.
Your base Fighting skill increases to level 6!
* * * LOW HITPOINT WARNING * * *
You feel sick. The hound bites you.
* * * LOW HITPOINT WARNING * * *
You barely miss the hound.
The hound is lightly wounded.
* * * LOW HITPOINT WARNING * * *
You feel sick. The hound closely misses you. The hound bites you.
* * * LOW HITPOINT WARNING * * *
You puncture the hound!
You kill the hound!
Trog accepts your kill.
You die...

. .. ... ##### ....
#...# #### ...." #...#
#...
......##...##########.##
.....)<@................
.#####.#...##########.##
#.#..(# #.## #.#...#
#.#. ..#...# #.#.
..##.## #.#. #.. #.#
#... +.. #.# #.#.
.###########.#.


There were no monsters in sight!

Vanquished Creatures
  A scorpion (D:4)
  2 vampire bats (D:2)
  A bullfrog skeleton (D:4)
  A hound (D:4)
  2 worker ants (D:4)
  4 adders
  3 gnolls (D:4)
  An ooze (D:2)
  3 dart slugs (D:2)
  4 leopard geckos
  9 orcs
  7 bats
  3 bat skeletons (D:2)
  A bat zombie (D:2)
  5 giant cockroaches
  6 goblins
  8 hobgoblins
  4 jackals (D:1)
  5 kobolds
  2 frilled lizards (D:1)
  2 rats (D:3)
74 creatures vanquished.

Notes
Turn   | Place    | Note
-------+----------+-------------------------------------------
     0 | D:1      | brandon the Minotaur Berserker began the quest for the Orb.
     0 | D:1      | Reached XP level 1. HP: 19/19 MP: 0/0
   247 | D:1      | Reached XP level 2. HP: 26/27 MP: 1/1
   253 | D:1      | Reached skill level 4 in Fighting
   778 | D:2      | Reached XP level 3. HP: 32/34 MP: 2/2
   814 | D:2      | Reached ** piety under Trog
  1116 | D:2      | Reached XP level 4. HP: 41/41 MP: 3/3
  1135 | D:2      | Found a radiant altar of Vehumet.
  1135 | D:2      | Found an ornate altar of the Wu Jian Council.
  1340 | D:2      | Reached skill level 5 in Fighting
  1353 | D:2      | Found an ancient bone altar of Kikubaaqudgha.
  1378 | D:2      | Reached skill level 5 in Maces & Flails
  1378 | D:2      | Reached XP level 5. HP: 40/48 MP: 4/4
  2115 | D:4      | Reached *** piety under Trog
  2115 | D:4      | Reached XP level 6. HP: 7/57 MP: 5/5
  2429 | D:4      | Found a runed door.
  2438 | D:4      | Reached skill level 6 in Fighting
  2439 | D:4      | HP: 4/85 [poisoned by a scorpion]
  2439 | D:4      | HP: 1/85 [hound (3)]
  2440 | D:4      | Succumbed to a scorpion's poison

Skill      XL: |  1  2  3  4  5  6 |
---------------+-------------------+-----
Maces & Flails | 4 5 |  5.7
Fighting       | 4 5 6 |  6.1
Armour         | 3 4 |  4.4
Dodging        | 3 |  3.2
Axes           | |  0.5

Action                   |  1- 3 |  4- 6 || total
-------------------------+-------+-------++-------
Melee: Mace              |    49 |    50 ||    99
       Headbutt          |     7 |    16 ||    23
       Battleaxe         |       |    15 ||    15
       Morningstar       |       |    15 ||    15
Invok: Berserk           |       |     2 ||     2
  Use: Scroll            |       |     2 ||     2
  Eat: Chunk             |       |     5 ||     5
Armor: Animal skin       |     6 |       ||     6
       Scale mail        |    16 |    68 ||    84
       Skin              |       |     2 ||     2
Dodge: Dodged            |    46 |    81 ||   127
